 Dungeon Crawl Stone Soup version 0.30-a0-12-gd8047c6341 (webtiles) character file.

Game seed: 3540202505003215127

445 xian the Covert (level 7, -1/45 HPs)
             Began as an Octopode Brigand on Aug 24, 2022.
             Was a Believer of Dithmenos.
             Killed from afar by an orc wizard (11 damage)
             ... with a magic dart
             ... on level 5 of the Dungeon.
             The game lasted 00:11:25 (3872 turns).

xian the Covert (Octopode Brigand)                  Turns: 3872, Time: 00:11:29

Health: -1/45      AC:  1    Str: 12    XL:     7   Next: 3%
Magic:  7/7        EV:  8    Int: 13    God:    Dithmenos [**....]
Gold:   228        SH: 10    Dex: 14    Spells: 6/6 levels left

rFire   x . .      SeeInvis .    a - +2 dagger
rCold   + . .      Faith    .    t - +0 tower shield
rNeg    . . .      Spirit   .    (helmet restricted)
rPois   .          Reflect  .    (no amulet)
rElec   .          Harm     .    d - ring of wizardry
rCorr   .          Rampage  .    i - ring of ice
Will    +....                    n - ring of willpower
Stlth   +++++++...               (no ring)
HPRegen 0.15/turn                (no ring)
MPRegen 0.10/turn                (no ring)
                                 (no ring)
                                 (no ring)

@: wreathed by umbra
A: almost no armour, amphibious, 8 rings, camouflage 1, gelatinous body 1,
(nimble swimmer 1), tentacles
a: Renounce Religion, Shadow Step


You were on level 5 of the Dungeon.
You worshipped Dithmenos.
Dithmenos was pleased with you.
You visited 1 branch of the dungeon, and saw 5 of its levels.

You collected 283 gold pieces.
You spent 55 gold pieces at shops.

Inventory:

Hand Weapons
 a - a +2 dagger (weapon)
Missiles
 b - 21 poisoned darts (quivered)
 c - 3 curare-tipped darts
 o - 5 javelins
Armour
 t - a +0 tower shield (worn)
Jewellery
 d - a ring of wizardry (left tentacle)
 i - a ring of ice (right tentacle)
 n - a ring of willpower (on tentacle)
Scrolls
 f - 5 scrolls of blinking {unknown}
 h - a scroll of magic mapping {unknown}
 j - a scroll of fog
 q - a scroll of vulnerability
 u - a scroll of poison {unknown}
 v - a scroll of teleportation
 w - a scroll of immolation {unknown}
Potions
 e - a potion of attraction {unknown}
 g - a potion of resistance {unknown}
 k - 2 potions of curing
 l - a potion of lignification {unknown}
 m - a potion of brilliance {unknown}
 p - 2 potions of haste
 r - a potion of flight {unknown}
 s - a potion of might {unknown}


   Skills:
 + Level 2.6 Fighting
 + Level 4.0 Short Blades
 + Level 2.1 Throwing
 + Level 1.4 Dodging
 + Level 9.5 Stealth
 * Level 0.2 Shields


You had 6 spell levels left.
You didn't know any spells.
Your spell library was empty.

Dungeon Overview and Level Annotations

Branches:
Dungeon (5/15)
 Temple: D:4-7

Altars:
Dithmenos

Shops:
D:2 [?=[

Annotations:
D:3 2 transporters, IdlyInterested's ghost, amateur DsWn


Innate Abilities, Weirdness & Mutations

You cannot wear most types of armour.
You are amphibious.
You can wear up to eight rings at the same time.
Your skin changes colour to match your surroundings (Stealth+).
Your rubbery body absorbs attacks. (AC +1, EV +1)
((You are camouflaged when in or above water. (Stealth+)))
You have tentacles for arms and can constrict up to eight enemies at once.


Message History

You constrict the orc.
You kill the orc!
Dithmenos accepts your kill.
The orc wizard casts a spell.
The orc wizard flickers and vanishes!
Deactivating autopickup; reactivate with Ctrl-A.
You block the orc's attack.
Number of times to repeat, then command key: You must enter the number of times for the command to repeat.
Unknown command.
You hit the orc but do no damage. You grab the orc. You squeeze the orc.
The orc is lightly wounded.
You constrict the orc, but do no damage.
You block the orc's attack.
You hit the orc.
The orc is heavily wounded.
You constrict the orc, but do no damage.
You block the orc's attack. The orc hits you with a +0 dagger.
You hit the orc.
You kill the orc!
Dithmenos accepts your kill.
The orc closely misses you. x2; The orc hits you with a +0 dagger.
Something hits you.
You hit the orc. Your grab misses the orc.
You squeeze the orc, but do no damage.
The orc is moderately wounded.
Something hits you. The orc hits you with a +0 dagger.
The orc hits you with a +0 flail.
You hit the orc. Your grab misses the orc.
The orc is almost dead.
Something hits you. The orc hits you with a +0 dagger.
The orc hits you with a +0 flail!
* * * LOW HITPOINT WARNING * * *
You hit the orc but do no damage. Your grab misses the orc.
Your tentacle-slap misses the orc.
Your squeeze misses the orc.
The orc is almost dead.
You hear some strange, mumbled words.
A magic dart appears from out of thin air!
The magic dart hits you!
You die...

.....##...##
.....##...#
.........## ##
.........# .###
.........# ...#
.........# ...
### .........#
###.##...##
##.oo.#....#
##..@{....## .
#......#...##
..#....$.#....#
.........#....#
............#
..#.........# .
###.......## #
##.......##..#
#............


You could see 2 orcs.

Vanquished Creatures
  A scorpion (D:4)
  A necrophage (D:4)
  An orc priest (D:4)
  An iguana (D:5)
  An orc wizard (D:4)
  Natasha (thrice) (D:3)
  Robin (D:3)
  7 adders
  A shadow imp (D:3)
  An ufetubus (D:4)
  A dart slug (D:4)
  5 orcs
  5 bats
  5 endoplasms
  5 giant cockroaches
  16 goblins
  6 hobgoblins
  6 jackals
  3 quokkas
  4 ball pythons
  3 frilled lizards
  6 kobolds
  2 rats
85 creatures vanquished.

Notes
Turn   | Place    | Note
-------+----------+-------------------------------------------
     0 | D:1      | xian the Octopode Brigand began the quest for the Orb.
     0 | D:1      | Reached XP level 1. HP: 14/14 MP: 1/1
   267 | D:1      | Found a faded altar of an unknown god.
   292 | D:1      | Prayed at the altar of an unknown god.
   292 | D:1      | Became a worshipper of Dithmenos the Shadowed
   292 | D:1      | Reached * piety under Dithmenos
   332 | D:1      | Reached XP level 2. HP: 19/19 MP: 2/2
   487 | D:1      | Reached skill level 6 in Stealth
   588 | D:2      | Found Onel Uqe's Antique Armour Boutique.
   897 | D:2      | Reached XP level 3. HP: 24/24 MP: 3/3
  1219 | D:2      | Found Mem Xufa's Distillery.
  1298 | D:2      | Found Uzumiarch's Magic Scroll Shoppe.
  1307 | D:2      | Bought a scroll of identify for 22 gold pieces
  1307 | D:2      | Bought a scroll of noise for 11 gold pieces
  1307 | D:2      | Bought a scroll of identify for 22 gold pieces
  1338 | D:2      | Found Xogieta's Armour Emporium.
  1394 | D:2      | Reached skill level 7 in Stealth
  1394 | D:2      | Reached XP level 4. HP: 27/29 MP: 4/4
  1473 | D:2      | Found Hiats's Jewellery Shop.
  1726 | D:3      | Noticed Natasha
  1732 | D:3      | Killed Natasha
  1749 | D:3      | Found a transporter.
  1749 | D:3      | Noticed IdlyInterested's ghost (amateur DsWn)
  1759 | D:3      | Found a transporter.
  1826 | D:3      | Noticed Natasha
  1833 | D:3      | Killed Natasha
  1834 | D:3      | Reached XP level 5. HP: 26/34 MP: 5/5
  1839 | D:3      | Noticed Natasha
  1850 | D:3      | Killed Natasha
  1851 | D:3      | Reached skill level 8 in Stealth
  2156 | D:3      | Noticed Robin
  2163 | D:3      | Reached ** piety under Dithmenos
  2178 | D:3      | Killed Robin
  2586 | D:4      | Reached XP level 6. HP: 33/41 MP: 6/6
  2796 | D:4      | Reached skill level 9 in Stealth
  3476 | D:5      | Entered Level 5 of the Dungeon
  3773 | D:5      | Reached XP level 7. HP: 35/45 MP: 7/7
  3872 | D:5      | Killed from afar by an orc wizard

Illustrated notes

Levels and vault maps discovered:
D:1:      scummos_arrival_gate, layout_rooms, hellmonk_ecumenical_altar_zigzags
D:2:      layout_loops_ring, serial_shops, nicolae_shop_statue_plus,
          nicolae_shop_statue_plus, shop_fountains, nicolae_shop_crystal,
          nicolae_shop_competitors_out_of_business
D:3:      layout_basic, gammafunk_ghost_arena, uniq_robin, uniq_natasha
D:4:      layout_gridville
D:5:      minmay_chambers_of_threes, layout_cave_pools

Skill      XL: |  1  2  3  4  5  6 |
---------------+-------------------+-----
Stealth        | 6 7 8 9 |  9.5
Short Blades   | 3 4 |  4.0
Fighting       | |  2.6
Throwing       | |  2.1
Dodging        | |  1.4
Shields        | |  0.2

Action                   |  1- 3 |  4- 6 |  7- 9 || total
-------------------------+-------+-------+-------++-------
Melee: Dagger            |    47 |    96 |     7 ||   150
       Constrict         |    10 |    22 |     2 ||    34
       Tentacles         |    10 |    25 |     3 ||    38
       Punch             |       |     2 |       ||     2
  Use: Scroll            |     4 |     1 |       ||     5
 Stab: Sleeping          |    14 |    18 |       ||    32
       Distracted        |       |     1 |       ||     1
Armor: Skin              |     3 |     4 |       ||     7
Dodge: Dodged            |    25 |    38 |     2 ||    65
Block: Tower shield      |       |     5 |     3 ||     8

Table legend: (Time is in decaauts)
 A = Elapsed time spent in this place.
 B = Non-inter-level travel time spent in this place.
 C = Inter-level travel time spent in this place.
 D = Time resting spent in this place.
 E = Time spent auto-exploring this place.
 F = Levels seen in this place.
 G = Mean time per level.
                   A        B        C        D        E       F      G
               +--------+--------+--------+--------+--------+-----+--------+
         Total |   3858 |   3749 |    109 |      0 |   2852 |   5 |  771.6 |
       Dungeon |   3858 |   3749 |    109 |      0 |   2852 |   5 |  771.6 |
               +--------+--------+--------+--------+--------+-----+--------+

Top non-repeatable levels by time:
     D:4: 1231 daAuts
     D:2: 1116 daAuts
     D:3: 843 daAuts
     D:1: 533 daAuts
     D:5: 134 daAuts
